cohdb
Replays
Latest Replays
All Replays
Popular Replays
Top Player Replays
Match Explorer
How It Works
Community
CoH3 Stats
Reddit
Sign in to upload your games and track your stats! →
Sign in with Steam
Match 42265446
Unlisted
Match 42265446
Overview
Messages
Build Orders
End
Engineer Squad
Engineer Squad
Construct Weapon Support Center
M1919 Machine Gun Team
Engineer Squad
Infantry Support Center
Construct Medical Station
M3 Armored Personnel Carrier
Selects Heavy Weapons
Selects Assault Carriers
Selects Exchangeable Parts
M3 Assault Carrier
Bazooka Squad
Bazooka Squad
Improved M9 Bazooka Rockets
Bazooka Squad
Construct Tank Depot
Bazooka Squad
M4(105) Sherman Bulldozer
Bazooka Squad
Selects M26 Pershing Heavy Tank
M26 Pershing Heavy Tank
Bazooka Squad
Survival Training
Engineer Squad
Engineer Squad
Selects M2HB .50cal Heavy Machine Gun
Selects Rapid Reposition
Selects Bolstered Team Weapons
Bazooka Squad
Advanced Logistics
Engineer Squad
Engineer Squad
Rechter Winkel
Hawake
Mr Seacucumber
[BxB] Victor
Artinios
Corvuxluna
RAZER
Mustache and Melons
0
0
Comments
sign in to comment!
No comments posted yet!